 Dungeon Sprint DCSS version 0.31-a0-1338-gb567cfdca4 (webtiles) character file.

Game seed: 9529277332045532343

17461 Darkkill the Warrior (level 12, -19/96 HPs)
             Began as a Gargoyle Monk on Dec 22, 2023.
             Was the Champion of Trog.
             Killed from afar by an ancient lich (46 damage)
             ... with a crystal spear
             ... in the Dungeon (Sprint VII: "The Pits").
             The game lasted 00:07:34 (1497 turns).

Darkkill the Warrior (Gargoyle Monk)                Turns: 1497, Time: 00:07:34

Health: -19/96     AC: 28    Str: 22    XL:     12   Next: 48%
Magic:  12/12      EV: 11    Int:  8    God:    Trog [******]
Gold:   31         SH:  0    Dex: 12    Spells: 11/11 levels left

rFire   . . .        C - +8 lajatang (heavy)
rCold   . . .        (shield currently unavailable)
rNeg    + + .        k - +3 plate armour
rPois   ∞            r - +1 helmet
rElec   +            s - +0 cloak
rCorr   .            (no gloves)
SInv    .            t - +0 pair of boots
Will    .....        B - amulet of Elyvilon's Displeasure {rPois rN+ Regen+ Int-4} Stlth
                     j - +3 ring of strength
HPRegen 1.16/turn    q - +3 ring of protection
MPRegen 0.13/turn

%: no teleportation
@: no status effects
A: sickness immunity, AC +8, negative energy resistance 1, electricity
resistance, torment resistance 1, petrification resistance
a: Renounce Religion, Berserk, Trog's Hand, Brothers in Arms


You were in the Dungeon.
You worshipped Trog.
Trog was exalted by your worship.
You visited 1 branch You collected 31 gold pieces.

Inventory:

Hand Weapons
 C - a +8 heavy lajatang (weapon)
Missiles
 d - 15 stones
 A - 3 boomerangs
Armour
 k - a +3 plate armour (worn)
 r - a +1 helmet (worn)
 s - a +0 cloak (worn)
 t - a +0 pair of boots (worn)
Jewellery
 j - a +3 ring of strength (left hand)
 q - a +3 ring of protection (right hand)
 B - the amulet of Elyvilon's Displeasure (around neck) {rPois rN+ Regen+ Int-4}
   (You found it in the Dungeon)

   [amulet of regeneration]

   Int-4:     It affects your intelligence (-4).
   rPois:     It protects you from poison rN+: It protects you from negative
   energy.
   Regen+:    It increases your rate of health regeneration.
Scrolls
 i - 2 scrolls of fear
 l - 2 scrolls of vulnerability
 m - 6 scrolls of amnesia
 w - a scroll of fog
 y - 2 scrolls of identify {@r1}
 z - a scroll of poison
Potions
 a - 2 potions of invisibility
 c - a potion of ambrosia
 e - 11 potions of curing {@q1}
 f - 9 potions of heal wounds
 g - a potion of haste
 h - 4 potions of magic
 n - 2 potions of might
 p - 6 potions of mutation
 u - 2 potions of berserk rage


   Skills:
 + Level 20.1 Fighting
 + Level 18.3 Maces & Flails
 + Level 15.6 Dodging


You had 11 spell levels left.
You didn't know any spells.
Your spell library was empty.

Dungeon Overview and Level Annotations

Branches:
Dungeon (1/1)

Altars:
Ashenzari
Cheibriados
Dithmenos
Elyvilon
Fedhas
Gozag
Hepliaklqana
Kikubaaqudgha
Makhleb
Nemelex Xobeh
Okawaru
Qazlal
Ru
Sif Muna
Trog
Uskayaw
Vehumet
Wu Jian
Xom
Yredelemnul
Zin
The Shining One
Jiyva
Lugonu


Innate Abilities, Weirdness & Mutations

You are immune to sickness and miasma.
Your stone body is resilient. (AC +8)
You are immune to poison.
You resist negative energy. (rN+)
You are resistant to electric shocks. (rElec)
You are resistant to unholy torment.
You are immune to petrification.


Message History

An ancient lich comes into view.
The death knight misses you.
A deep elf death mage comes into view. It is wielding a +0 long sword.
The deep elf annihilator casts a spell.
The deep elf annihilator blinks!
The ancient lich shouts!
You slice the death knight like a ripe choko!!!
The death knight is severely wounded.
The death knight reflects your damage back at you!
The death knight hits you with a +0 great sword.
An ogre mage comes into view. It is wielding a +0 club.
The ancient lich gestures wildly while chanting.
The ancient lich flickers and vanishes!
Deactivating autopickup; reactivate with Ctrl-A.
The ogre mage shouts!
You open the death knight like a pillowcase!!!
You kill the death knight!
Trog accepts your kill.
Your damage is reflected back at you!
* * * LOW HITPOINT WARNING * * *
The ogre mage hits you with a +0 flail.
* * * LOW HITPOINT WARNING * * *
Blink to where?
Press: ? - help, Q - select action, (/) - cycle Dir - move target
As you read the scroll of blinking, it crumbles to dust.
Your cyclops goes berserk!
Your iron troll goes berserk!
You swap places.
Your iron troll bites the ogre mage.
Your iron troll claws the ogre mage!
Your iron troll claws the ogre mage!!
The ogre mage hits your iron troll with a +0 flail!
The deep elf death mage hits your iron troll but does no damage.
Your cyclops hits the ogre mage!
The ogre mage dies!
Trog accepts your kill.
Trog appreciates your killing of a magic user.
Your iron troll bites the deep elf death mage!!
Your iron troll misses the deep elf death mage.
Your iron troll claws the deep elf death mage!
Your Maces & Flails skill increases to level 18!
Your cyclops closely misses the deep elf death mage.
Your iron troll bites the deep elf death mage!!
Your iron troll claws the deep elf death mage!
The deep elf death mage dies!
Trog accepts your kill.
Trog appreciates your killing of a magic user.
The deep elf annihilator mumbles some strange words.
The deep elf annihilator blinks!
The ogre mage hits your iron troll with a +0 club.
Your cyclops rages.
Your cyclops barely misses something.
Your iron troll bites the ogre mage!!!
Your iron troll claws the ogre mage!
The ogre mage dies!
Trog accepts your kill.
Trog appreciates your killing of a magic user.
Trog grants you a weapon! Something appears at your feet!
You see here a +0 antimagic great mace.
Your Fighting skill increases to level 20!
You see here a +0 antimagic great mace.
You hear some strange, mumbled words.
A crystal spear appears from out of thin air!
The crystal spear hits your cyclops!!!
You see here a +0 antimagic great mace.
Something touches your iron troll!
The deep elf annihilator casts a spell.
The deep elf annihilator blinks!
Your cyclops rages.
You hear some strange, mumbled words.
A crystal spear appears from out of thin air!
The crystal spear hits your iron troll!!!!
You swap places.
You hear some strange, mumbled words.
Something tries to affect you, but you resist.
Something touches you but does no damage.
The deep elf annihilator points at you and mumbles some strange words.
The bolt of lightning hits you! You resist.
* * * LOW HITPOINT WARNING * * *
Something touches you but does no damage.
Your iron troll misses something.
Your iron troll claws something! x2
You hear a roar!
You swap places.
The deep elf annihilator casts a spell.
The deep elf annihilator blinks!
Something touches you.
* * * LOW HITPOINT WARNING * * *
You feel much better.
Something touches you but does no damage.
You feel much better.
You hear some strange, mumbled words.
A bolt of acid appears from out of thin air!
The bolt of acid hits you!!!
Ouch! That really hurt!
* * * LOW HITPOINT WARNING * * *
Your iron troll barely misses something.
Your iron troll claws something!!
Your iron troll claws something but does no damage.
You feel much better.
You hear some strange, mumbled words.
A crystal spear appears from out of thin air!
The crystal spear hits you!!!
You die...

.................#
................)#
+##############))#
#..# #..# #).#
#..# #..# #T@#
#{.# #.C# #.)#
#''# #)'# e..#
...## ...##


You could see a deep elf annihilator (ally target), a friendly iron troll
(summoned, berserk) and a friendly cyclops (summoned, berserk).

Vanquished Creatures
  A death knight (D)
  A boulder beetle (D)
  A vampire mage (D)
  A deep troll (D)
  An orc knight (D)
  A deep elf pyromancer (D)
  A manticore (D)
  3 orange demons (D)
  A gargoyle (D)
  A freezing wraith (D)
  2 ice devils (D)
  A hellwing (D)
  4 dream sheep (D)
  An air elemental (D)
  3 yaks (D)
  2 water moccasins (D)
  A sky beast (D)
  2 hounds (D)
  An orc priest (D)
  An orc wizard (D)
  A mummy (D)
  An adder (D)
  4 gnolls (D)
  3 orcs (D)
  A bat zombie (D)
  An endoplasm (D)
  A giant cockroach (D)
  2 goblins (D)
  A hobgoblin (D)
  4 jackals (D)
  A ball python (D)
  A frilled lizard (D)
  A jackal skeleton (D)
52 creatures vanquished.

Vanquished Creatures (collateral kills)
  A deep elf death mage (D)
  A merfolk impaler (D)
  2 ogre magi (D)
  A demonic crawler (D)
  Sonja (D)
  A bog body (D)
  An orange demon (D)
  A cane toad (D)
  A freezing wraith (D)
  A guardian mummy (D)
  A wandering mushroom (D)
  4 merfolk (D)
  A tyrant leech (D)
  2 glass eyes (D)
  8 dream sheep (D)
  A ynoxinul (D)
  A water elemental (D)
  2 flying skulls (D)
  A shadow (D)
  2 spriggans (D)
  A fire bat (D)
  An ogre (D)
  A centaur (D)
  Blork the orc (D)
  2 killer bees (D)
  3 orc priests (D)
  2 gnoll boudas (D)
  An orc wizard (D)
  2 hell rats (D)
  10 gnolls (D)
  An adder (D)
  8 orcs (D)
  A ball python (D)
  A ball python skeleton (D)
  A frilled lizard (D)
70 creatures vanquished.

Vanquished Creatures (others)
  A killer bee (D)
1 creature vanquished.

Grand Total: 123 creatures vanquished

Notes
Turn   | Place    | Note
-------+----------+-------------------------------------------
     0 | D        | Darkkill the Gargoyle Monk began the quest for the Orb.
     0 | D        | Reached XP level 1. HP: 14/14 MP: 1/1
    26 | D        | Reached skill level 4 in Fighting
    62 | D        | Found a bloodstained altar of Trog.
    62 | D        | Found a shimmering blue altar of Sif Muna.
    62 | D        | Found a viscous altar of Jiyva.
    62 | D        | Found a hazy altar of Hepliaklqana.
    62 | D        | Found an opulent altar of Gozag.
    63 | D        | Found a glowing golden altar of the Shining One.
    63 | D        | Found a glowing silver altar of Zin.
    63 | D        | Found a basalt altar of Yredelemnul.
    63 | D        | Found a shimmering altar of Xom.
    63 | D        | Found an ornate altar of the Wu Jian Council.
    63 | D        | Found a sacrificial altar of Ru.
    63 | D        | Found a stormy altar of Qazlal.
    63 | D        | Found an iron altar of Okawaru.
    63 | D        | Found a sparkling altar of Nemelex Xobeh.
    63 | D        | Found a burning altar of Makhleb.
    63 | D        | Found a blossoming altar of Fedhas.
    63 | D        | Found a white marble altar of Elyvilon.
    63 | D        | Found a shadowy altar of Dithmenos.
    63 | D        | Found a snail-covered altar of Cheibriados.
    65 | D        | Found a radiant altar of Vehumet.
    65 | D        | Found a corrupted altar of Lugonu.
    66 | D        | Found a hide-covered altar of Uskayaw.
    66 | D        | Found an ancient bone altar of Kikubaaqudgha.
    66 | D        | Found a broken altar of Ashenzari.
    77 | D        | Became a worshipper of Trog the Wrathful
    77 | D        | Reached * piety under Trog
    77 | D        | Reached ** piety under Trog
    92 | D        | Reached XP level 2. HP: 19/20 MP: 2/2
   104 | D        | Reached *** piety under Trog
   107 | D        | Reached skill level 5 in Fighting
   107 | D        | Reached XP level 3. HP: 26/26 MP: 3/3
   209 | D        | Noticed a water moccasin
   222 | D        | Killed a water moccasin
   222 | D        | Reached **** piety under Trog
   223 | D        | Reached skill level 7 in Fighting
   223 | D        | Reached skill level 5 in Dodging
   223 | D        | Reached XP level 4. HP: 34/34 MP: 4/4
   223 | D        | Reached XP level 5. HP: 38/38 MP: 5/5
   295 | D        | Noticed a flying skull
   295 | D        | Noticed a glass eye
   300 | D        | Noticed a flying skull
   312 | D        | Killed a flying skull
   313 | D        | Reached skill level 9 in Fighting
   313 | D        | Reached XP level 6. HP: 45/46 MP: 6/6
   315 | D        | Killed a flying skull
   315 | D        | Reached ***** piety under Trog
   316 | D        | Reached skill level 10 in Fighting
   316 | D        | Reached XP level 7. HP: 52/52 MP: 7/7
   320 | D        | Killed a glass eye
   326 | D        | Received a gift from Trog
   329 | D        | Reached skill level 11 in Fighting
   329 | D        | Reached skill level 10 in Maces & Flails
   361 | D        | Noticed a hellwing
   372 | D        | Killed a hellwing
   373 | D        | Reached XP level 8. HP: 60/60 MP: 8/8
   423 | D        | Noticed an ice devil
   431 | D        | Killed an ice devil
   431 | D        | Reached ****** piety under Trog
   431 | D        | Received a gift from Trog
   432 | D        | Reached skill level 12 in Fighting
   608 | D        | Noticed a cane toad
   612 | D        | Killed a cane toad
   613 | D        | Reached XP level 9. HP: 67/67 MP: 9/9
   624 | D        | Received a gift from Trog
   626 | D        | Reached skill level 13 in Fighting
   626 | D        | Reached skill level 10 in Dodging
   638 | D        | Noticed a manticore
   651 | D        | Killed a manticore
   786 | D        | Noticed Sonja
   790 | D        | Reached skill level 14 in Fighting
   790 | D        | Killed Sonja
   790 | D        | Received a gift from Trog
   792 | D        | Noticed an orange demon
   793 | D        | Noticed a gargoyle
   795 | D        | Killed an orange demon
   796 | D        | Reached XP level 10. HP: 68/76 MP: 10/10
   796 | D        | Killed a gargoyle
   799 | D        | Identified the +6 great sword of Trog {antimagic, Will+}
                  | (Trog gifted it to you in the Dungeon)
   799 | D        | Received a gift from Trog
   800 | D        | Reached skill level 15 in Fighting
   809 | D        | Noticed a merfolk impaler
   809 | D        | Noticed a demonic crawler
   810 | D        | Killed a demonic crawler
   811 | D        | Reached skill level 16 in Fighting
   815 | D        | Killed a merfolk impaler
   816 | D        | Reached skill level 15 in Maces & Flails
   816 | D        | Received a gift from Trog
   820 | D        | Reached XP level 11. HP: 77/84 MP: 11/11
   826 | D        | Reached skill level 17 in Fighting
   838 | D        | Noticed Blork the orc
   843 | D        | Identified the +2 short sword "Giantbane" {flame, Fly rElec
                  | Str+3} (Trog gifted it to you in the Dungeon)
   843 | D        | Received a gift from Trog
   845 | D        | Killed Blork the orc
   911 | D        | Noticed a bog body
   917 | D        | Killed a bog body
   935 | D        | Received a gift from Trog
   936 | D        | Reached skill level 18 in Fighting
   943 | D        | Received a gift from Trog
  1061 | D        | Got the amulet of Elyvilon's Displeasure {rPois rN+ Regen+
                  | Int-4}
  1171 | D        | Noticed a boulder beetle
  1172 | D        | Noticed a deep elf pyromancer
  1176 | D        | Killed a deep elf pyromancer
  1176 | D        | Received a gift from Trog
  1180 | D        | Killed a boulder beetle
  1341 | D        | Noticed a vampire mage
  1349 | D        | Killed a vampire mage
  1349 | D        | Received a gift from Trog
  1350 | D        | Reached XP level 12. HP: 77/94 MP: 12/12
  1352 | D        | Reached skill level 19 in Fighting
  1372 | D        | Paralysed by an air elemental for 1 turns
  1375 | D        | Paralysed by an air elemental for 1 turns
  1398 | D        | Reached skill level 15 in Dodging
  1409 | D        | HP: 15/95 [orange demon (5)]
  1471 | D        | Noticed a death knight
  1473 | D        | Noticed an ogre mage
  1473 | D        | Noticed a deep elf annihilator
  1475 | D        | Noticed an ancient lich
  1475 | D        | Noticed a deep elf death mage
  1476 | D        | Noticed an ogre mage
  1477 | D        | Killed a death knight
  1477 | D        | HP: 15/95 [ogre mage/+0 flail (6)]
  1483 | D        | Killed an ogre mage
  1484 | D        | Killed a deep elf death mage
  1486 | D        | Killed an ogre mage
  1486 | D        | Received a gift from Trog
  1487 | D        | Reached skill level 20 in Fighting
  1494 | D        | HP: 17/96 [something (6)]
  1496 | D        | HP: 1/96 [something/bolt of acid (55)]
  1497 | D        | Killed from afar by an ancient lich

Illustrated notes

Levels and vault maps discovered:
D:        pitsprint [storerooms_1, entrance_room_1, metal_vault_2, armoury_1,
          mini_pit_1, grid_room_1, main_hall_1, silver_pit, the_coven_1,
          the_vestibule_1, steel_vault_1, golden_pit, hallway_of_sentries,
          crystal_vault_3, iron_vault_4, final_vault]

Skill      XL: |  1  2  3  4  5  6  7  8  9 10 11 12 |
---------------+-------------------------------------+-----
Fighting       | 4 5 7 9 10 11 12 14 16 18 20 | 20.1
Dodging        | 3 5 6 7 8 9 11 12 14 15 | 15.6
Maces & Flails | 4 6 8 9 10 11 13 15 17 18 | 18.3

Action                     |  1- 3 |  4- 6 |  7- 9 | 10-12 || total
---------------------------+-------+-------+-------+-------++-------
  Melee: Mace              |    13 |       |       |       ||    13
         Quarterstaff      |    29 |     9 |    37 |       ||    75
         War axe           |       |       |    14 |     9 ||    23
         Punch             |       |       |     1 |       ||     1
         Lajatang          |       |       |       |    51 ||    51
         Great sword       |       |       |       |     5 ||     5
 Invoke: Berserk           |       |       |     2 |       ||     2
         Brothers in Arms  |       |       |     2 |    10 ||    12
    Use: Potion            |     2 |     2 |       |     4 ||     8
         Scroll            |       |     2 |       |     7 ||     9
 Armour: Robe              |    23 |    16 |       |       ||    39
         Plate armour      |       |       |    83 |   115 ||   198
  Dodge: Dodged            |    31 |     8 |    32 |    51 ||   122

Table legend: (Time is in decaauts)
 A = Elapsed time spent in this place.
 B = Non-inter-level travel time spent in this place.
 C = Inter-level travel time spent in this place.
 D = Time resting spent in this place.
 E = Time spent auto-exploring this place.
 F = Levels seen in this place.
 G = Mean time per level.
                   A        B        C        D        E       F      G
               +--------+--------+--------+--------+--------+-----+--------+
         Total |   1575 |   1501 |     74 |    538 |     27 |   1 | 1575.0 |
       Dungeon |   1575 |   1501 |     74 |    538 |     27 |   1 | 1575.0 |
               +--------+--------+--------+--------+--------+-----+--------+

Top non-repeatable levels by time:
       D: 1575 daAuts

Levels and vault maps discovered:
D:        pitsprint [storerooms_1, entrance_room_1, metal_vault_2, armoury_1,
          mini_pit_1, grid_room_1, main_hall_1, silver_pit, the_coven_1,
          the_vestibule_1, steel_vault_1, golden_pit, hallway_of_sentries,
          crystal_vault_3, iron_vault_4, final_vault]

Table legend: (Time is in decaauts)
 A = Elapsed time spent in this place.
 B = Non-inter-level travel time spent in this place.
 C = Inter-level travel time spent in this place.
 D = Time resting spent in this place.
 E = Time spent auto-exploring this place.
 F = Levels seen in this place.
 G = Mean time per level.
                   A        B        C        D        E       F      G
               +--------+--------+--------+--------+--------+-----+--------+
         Total |   1575 |   1501 |     74 |    538 |     27 |   1 | 1575.0 |
       Dungeon |   1575 |   1501 |     74 |    538 |     27 |   1 | 1575.0 |
               +--------+--------+--------+--------+--------+-----+--------+

Top non-repeatable levels by time:
       D: 1575 daAuts

Table legend:
 A = Kills in this place as a percentage of kills in the entire game.
 B = Kills by you in this place as a percentage of kills by you in the entire game.
 C = Kills by friends in this place as a percentage of kills by friends in the entire game.
 D = Other kills in this place as a percentage of other kills in the entire game.
 E = Experience gained in this place as a percentage of experience gained in the entire game.
 F = Experience gained in this place divided by the number of levels of this place that you have seen.
                   A       B       C       D       E      F
               +-------+-------+-------+-------+-------+----------------------
         Total | 100.0 | 100.0 | 100.0 |   N/A | 100.0 | 24945.0
       Dungeon | 100.0 | 100.0 | 100.0 |   N/A | 100.0 | 24945.0
               +-------+-------+-------+-------+-------+----------------------
